Map: Romanticide LE

Players

GektorGrom

  • Race: Terran Terran
  • League: Diamond
  • Spawn Location: 5:00

BadNBoujee - Winner!

  • Race: Terran Terran
  • League: Master
  • Spawn Location: 11:00

VOD

Have the link to the VOD?

Description

4 marauder drop into Mech TvT

Time

  • Played on: March 3, 2021, 7:58 p.m.
  • Length: 10:48
Show
View Real Time Build Order
Export as new Build Order

GektorGrom Terran 

Build Orders:  

Get SALT Encoding   

  12  0:00  SCV  
  13  0:12  SCV  
  14  0:16  Supply Depot  
  14  0:24  SCV  
  15  0:38  SCV  
  15  0:40  Barracks  
  16  0:43  Refinery  
  16  0:50  SCV  
  17  1:02  SCV  
  18  1:14  SCV  
  19  1:26  Orbital Command  
  19  1:33  Barracks Reactor  
  19  1:39  Command Center  
  19  1:52  SCV  
  19  1:53  Supply Depot  
  20  2:04  SCV  
  21  2:12  Marine x2  
  23  2:18  Factory, SCV  
  23  2:20  Refinery  
  24  2:30  SCV  
  24  2:32  Marine x2  
  27  2:42  SCV  
  28  2:49  Marine  
  28  2:50  Marine  
  30  2:53  Orbital Command  
  30  2:54  SCV  
  31  3:03  Barracks  
  31  3:06  SCV  
  32  3:15  Hellion x2  
  32  3:17  Barracks Tech Lab  
  37  3:20  SCV x2  
  38  3:30  Supply Depot  
  38  3:32  SCV x2  
  40  3:36  Widow Mine  
  40  3:37  Widow Mine  
  44  3:41  Marine  
  44  3:43  Stimpack  
  44  3:44  SCV  
  44  3:46  SCV  
  45  3:54  Supply Depot  
  45  3:55  Supply Depot  
  45  3:59  Marine  
  45  4:22  SCV x2  
  43  4:24  Marine x2  
  44  4:34  SCV x2  
  43  4:40  Refinery  
  43  4:42  Marine  
  43  4:44  Refinery  
  45  4:46  SCV x2  
  45  4:55  Factory Tech Lab  
  45  4:56  Marine x2  
  45  4:58  SCV x2  
  49  5:00  Marine  
  49  5:03  Engineering Bay  
  49  5:06  Engineering Bay  
  49  5:10  SCV  
  49  5:14  Marine x2  
  51  5:17  Marine  
  51  5:18  Hellion  
  55  5:21  Orbital Command  
  53  5:32  Marine x2  
  52  5:41  SCV  
  53  5:43  Factory Tech Lab  
  53  5:47  Terran Infantry Weapons Level 1, Starport  
  53  5:48  Terran Infantry Armor Level 1  
  53  5:51  Barracks  
  53  5:53  SCV  
  53  5:56  SCV  
  55  5:59  Marine  
  56  6:05  SCV  
  56  6:08  SCV  
  56  6:10  Marine  
  59  6:11  Combat Shield  
  59  6:13  Marine  
  59  6:17  Marine, SCV  
  62  6:19  Siege Tank  
  62  6:20  SCV  
  62  6:24  Starport Reactor  
  66  6:29  SCV  
  66  6:31  Marine  
  66  6:32  SCV  
  69  6:34  Supply Depot  
  69  6:35  Marine  
  69  6:37  Supply Depot  
  70  6:52  Refinery  
  70  6:56  Marine x4, SCV x2  
  70  6:58  Supply Depot, Missile Turret  
  70  6:59  Refinery  
  70  7:00  Supply Depot  
  70  7:01  Medivac, Supply Depot  
  76  7:02  Medivac  
  81  7:08  SCV x2  
  81  7:14  Marine x4  
  86  7:19  Siege Tank  
  86  7:20  SCV  
  90  7:25  Supply Depot  
  90  7:31  Marine x4, Missile Turret  
  90  7:33  Supply Depot  
  90  7:34  Missile Turret  
  94  7:43  Medivac  
  96  7:45  Supply Depot  
  96  7:49  Marine x4  
  100  7:51  Siege Tank  
  103  7:59  Command Center  
  103  8:02  Armory  
  103  8:07  Marine x4  
  103  8:09  Medivac  
  107  8:24  Siege Tank  
  107  8:25  Marine x2  
  77  8:42  Marine x2  
  77  8:43  Marine x2  
  77  8:44  Viking x2  
  85  8:49  Sensor Tower, SCV  
  85  8:50  SCV  
  87  9:00  Marine x4  
  87  9:02  SCV x2  
  93  9:14  Viking  
  93  9:15  SCV x2  
  93  9:16  Refinery  
  97  9:17  Marine  
  97  9:18  Marine x3  
  101  9:27  Orbital Command, SCV x2  
  103  9:35  Marine  
  103  9:36  Marine  
  105  9:39  SCV x2  
  105  9:41  Marine x2  
  105  9:43  Siege Tank, Concussive Shells  
  112  9:51  SCV  
  112  9:52  SCV  
  114  9:53  Marine x2, SCV  
  114  9:58  Refinery, Command Center, Marine  
  118  10:02  Medivac x2  
  118  10:03  SCV  
  118  10:04  Marine, SCV  
  118  10:05  SCV  
  126  10:11  Marine x2  
  126  10:13  Barracks  
  128  10:15  SCV  
  128  10:16  Marine  
  129  10:22  Marine  
Show
View Real Time Build Order
Export as new Build Order

BadNBoujee Terran - Winner!

Build Orders: 1/1/1, Mech 

Get SALT Encoding   

  12  0:00  SCV  
  13  0:12  SCV  
  14  0:17  Supply Depot  
  14  0:24  SCV  
  15  0:33  Refinery  
  15  0:39  SCV  
  16  0:44  Barracks  
  16  0:51  SCV  
  17  0:57  Refinery  
  17  1:03  SCV  
  18  1:15  SCV  
  19  1:31  Orbital Command, Barracks Tech Lab  
  19  1:35  Factory  
  19  1:51  Supply Depot, Marauder  
  19  1:53  Concussive Shells  
  21  1:57  SCV  
  22  2:09  SCV  
  22  2:13  Marauder  
  25  2:22  SCV  
  26  2:24  Starport  
  26  2:30  Supply Depot  
  26  2:34  SCV  
  26  2:36  Marauder  
  29  2:46  SCV  
  30  2:57  Marauder  
  30  2:58  SCV  
  33  3:00  Medivac  
  33  3:04  Supply Depot  
  35  3:10  SCV  
  36  3:23  SCV  
  36  3:26  Barracks Reactor  
  37  3:31  Starport Tech Lab  
  37  3:35  SCV  
  37  3:37  Cyclone  
  41  3:42  Command Center  
  41  3:54  SCV  
  42  4:03  Supply Depot  
  42  4:07  Marine x2  
  42  4:09  Siege Tank  
  47  4:24  SCV  
  47  4:28  Raven  
  48  4:36  SCV  
  49  4:48  SCV  
  49  4:49  Marine x2  
  49  4:50  Hellion  
  54  4:57  Orbital Command  
  52  5:01  SCV  
  53  5:13  SCV  
  54  5:15  Refinery x2  
  54  5:16  Siege Tank  
  57  5:25  SCV  
  55  5:35  SCV  
  55  5:37  SCV  
  54  5:47  SCV  
  54  5:49  SCV  
  56  5:50  Siege Tank  
  56  5:56  Armory  
  59  5:58  Armory  
  59  5:59  SCV  
  59  6:01  SCV  
  59  6:02  Command Center  
  61  6:05  Engineering Bay  
  61  6:07  Viking x2  
  65  6:12  SCV  
  65  6:13  SCV  
  67  6:21  Factory  
  67  6:22  Barracks Reactor  
  67  6:24  Factory  
  67  6:27  SCV x2  
  69  6:39  Supply Depot, SCV  
  70  6:40  Supply Depot  
  70  6:50  Terran Vehicle Weapons Level 1, Terran Vehicle And Ship Armor Level 1  
  70  6:54  Supply Depot  
  70  6:55  Supply Depot  
  70  7:00  SCV x2  
  72  7:03  Viking x2  
  72  7:06  Infernal Pre-Igniter  
  72  7:08  Hellion x2  
  80  7:12  SCV  
  80  7:13  SCV  
  82  7:17  Hellion x2  
  86  7:25  SCV x2  
  86  7:28  Missile Turret  
  86  7:29  Missile Turret  
  88  7:30  Missile Turret  
  88  7:32  Planetary Fortress, Missile Turret  
  88  7:33  Missile Turret  
  88  7:35  Missile Turret  
  90  7:37  Siege Tank, SCV x2  
  93  7:45  Hellion  
  93  7:49  SCV x2  
  97  7:52  Siege Tank  
  97  7:58  Supply Depot  
  100  8:01  SCV x2  
  104  8:05  Hellion  
  104  8:06  Viking x2  
  104  8:09  SCV  
  104  8:12  Refinery  
  109  8:13  Refinery, SCV  
  109  8:14  Barracks Tech Lab  
  109  8:16  SCV  
  109  8:17  Factory  
  111  8:21  SCV  
  103  8:43  SCV x3  
  103  8:48  Siege Tank x2, Hellion x2  
  116  8:49  Liberator  
  119  8:59  SCV x3  
  122  9:06  Factory  
  122  9:10  Liberator  
  122  9:11  Hellion x2, SCV x3  
  132  9:44  SCV  
  133  9:48  Siege Tank, Hellion x2, SCV  
  133  9:49  Supply Depot  
  133  9:50  Supply Depot  
  141  10:04  Liberator x2, SCV  
  141  10:05  Factory Tech Lab  
  141  10:06  Command Center, Supply Depot  
  148  10:07  Supply Depot  
  148  10:11  Hellion x2  
Tags
 
Composition
Mech
Matchup
TvT
Opening
1/1/1
Race
Terran
Spawn Locations
Cross Positions
Add a new tag
Caveats
  • Supply blocks, unpowered buildings, or Contaminate may cause inaccurate times.
  • Supply counts are checked every 10 seconds.